Unix NetHack Version 3.7.0-95 Work-in-progress - last build Jan 1 2024 20:51:50 (6a0ccc5fa2390e420dd2d488a2f9488d2ae3a63b,branch:master). Game began 2024-01-02 15:13:55, ended 2024-01-02 19:23:26. playerb, chaotic male orcish Wizard ----------------- |...............| |.|.-------.|.--| |.|.........|...| ---.|------------*| |...| |.....|.| ----------- |.---.- |.....%.| |.........| |.....| |^....|.| ----|.........| |.---.| .-------.| |...-....<....| ..| |.... .........| --.--|.........| ---.---.-------------.| ....|.|.........| |.......|.........|^..| |.---%----------- -----...---.|--.------|.--| |.........|...... ........| |.....| |...| .|.---.---.---.---------f..| ---.|.---.--- .....|.|.%.........|...f...| |.|...^.| ...-.|.|.---.-----..@{.-.-.| -------- ... |...| |.........V.....| ----- ---------------- Playerb the Thaumaturge St:15 Dx:14 Co:18 In:16 Wi:16 Ch:12 Chaotic S:6162 Dlvl:11 $:0 HP:0(40) Pw:14(67) AC:-1 Xp:6/639 T:11062 Burdened Latest messages: What do you want to read? [P or ?*] P This spellbook is difficult to comprehend. Continue? [yn] (n) y You begin to memorize the runes. You add "magic missile" to your repertoire, as 'e'. You swap places with TheFirst. The yellow light explodes at a spot in thin air! What do you want to use or apply? [c-fhkpyMPQT or ?*] f You put a spellbook of magic missile into the bag called ~bag of holding. You put a red gem into the bag called ~bag of holding. You put 2 stones called gray3 into the bag called ~bag of holding. You see here an unlabeled scroll. You have a little trouble lifting R - an unlabeled scroll. You swap places with your large cat. Pick an object. You swap places with your large cat. The large cat bites it. The large cat bites it. The large cat bites it. The large cat misses it. The large cat bites it. It hits the large cat. You hear some noises. TheFirst bites it. The vampire lord hits! The vampire lord bites! The vampire lord hits! The vampire lord bites! In what direction? n The magic missile hits the vampire lord! The magic missile bounces! The vampire lord hits! The vampire lord bites! What do you want to zap? [cepQ or ?*] c In what direction? n The bolt of cold misses the vampire lord. The bolt of cold bounces! The vampire lord misses! The vampire lord bites! You avoid harm. You hear some noises in the distance. In what direction? n The magic missile hits the vampire lord! The magic missile bounces! The vampire lord hits! The vampire lord just misses! The vampire lord hits! The vampire lord bites! Goodbye level 7. You die... Do you want your possessions identified? [ynq] (y) q Inventory: Amulets C - an uncursed amulet of ESP (being worn) Weapons a - a blessed +0 elven dagger (weapon in right hand) D - 2 +0 elven daggers (at the ready) b - a blessed +1 quarterstaff (alternate weapon; not wielded) Armor L - an uncursed +4 dwarvish iron helm (being worn) q - an uncursed +0 pair of low boots (being worn) w - an uncursed +0 cloak of magic resistance (being worn) u - an uncursed +0 studded leather armor (being worn) Scrolls R - an uncursed scroll of blank paper Rings N - an uncursed ring of slow digestion (on left hand) Wands c - a wand of cold (0:3) e - a wand of magic missile (0:5) Q - a wand of speed monster (0:5) p - a wand of teleportation (0:5) Tools f - an uncursed bag of holding containing 25 items d - an uncursed blindfold h - an uncursed skeleton key k - a +0 unicorn horn Gems/Stones y - a cursed loadstone T - an uncursed touchstone Contents of the bag of holding: 800 gold pieces an uncursed amulet of ESP 3 +1 daggers a blessed +0 mummy wrapping a cursed -2 mummy wrapping an uncursed orange an uncursed tripe ration an uncursed scroll of confuse monster 3 uncursed scrolls of earth 2 uncursed scrolls of scare monster 2 uncursed scrolls of scare monster an uncursed spellbook of magic missile a blessed potion of gain level an uncursed ring of protection from shape changers an uncursed ring of teleport control an uncursed ring of cold resistance an uncursed +2 ring of gain strength an empty uncursed sack a +0 pick-axe an uncursed emerald an uncursed worthless piece of red glass an uncursed ruby an uncursed worthless piece of white glass 2 uncursed worthless pieces of yellow glass 2 uncursed flint stones Playerb the Wizard's attributes: Background: You were a Thaumaturge, a level 6 male orcish Wizard. You were chaotic, on a mission for Anhur who was opposed by Ptah (lawful) and Thoth (neutral). You were right-handed. You were in the Gnomish Mines, on level 11. You entered the dungeon 11062 turns ago. You had 639 experience points, 1 more was needed to attain level 7. Your score was 6162 before end-of-game adjustments. Basics: You had 0 out of 40 hit points. You had 14 out of 67 energy points (spell power). Your armor class was -1. Your wallet was empty, but you had 800 zorkmids stashed away in your pack. Autopickup was off. Final Characteristics: Your strength was 15 (limit:18/50). Your dexterity was 14 (limit:18). Your constitution was 18 (limit:18). Your intelligence was 16 (limit:16). Your wisdom was 16 (limit:16). Your charisma was 12 (limit:16). Final Status: You weren't hungry. You were burdened; movement was slightly slowed. You were wielding a dagger. You had basic skill with dagger and could have enhanced that. Final Attributes: You were piously aligned. You were magic-protected. You were poison resistant. You were telepathic. You had infravision. You were invisible. You had slower digestion. You were warded. You are dead. Miscellaneous: You never encountered a bones level. Total elapsed playing time was 2 hours, 51 minutes and 53 seconds. Major events: Turn 1: playerb the chaotic male orcish Wizard entered the dungeon 759: entered the Gnomish Mines 1017: attained the rank of Conjurer (level 3) 2745: entered Sokoban 3197: completed 1st Sokoban level 5540: attained the rank of Thaumaturge (level 6) 7178: reached Mine Town 11062: killed by a vampire lord Vanquished creatures: a giant mimic a giant zombie a warg 2 small mimics an ettin mummy an elf mummy a wraith 2 watchmen 2 wolves a winter wolf cub 2 leprechauns a giant spider an ice vortex 2 black lights a gnome ruler 2 orc mummies a werewolf 2 housecats a jaguar a gray unicorn 2 dust vortices a raven 6 apes 2 rope golems 2 Woodland-elves 4 soldier ants a fire ant a bugbear a wood nymph 3 water nymphs a mountain nymph a rock piercer a rock mole a pony 2 fog clouds 2 yellow lights 4 shriekers 2 violet fungi 12 gnome leaders 4 gnomish wizards 4 kobold mummies a guardian naga hatchling a gray ooze 3 straw golems 3 paper golems 3 giant ants 6 floating eyes a kitten 16 dwarves a kobold leader 2 kobold shamans 2 hill orcs 5 rothes 2 rabid rats 2 orc zombies 5 dwarf zombies 2 iguanas 16 killer bees 2 acid blobs 3 coyotes a gas spore 4 hobbits 3 large kobolds a hobgoblin a cave spider a brown mold a yellow mold a green mold a red mold 53 gnomes 2 gnome zombies 4 geckos 4 jackals a fox a kobold a goblin a sewer rat 8 grid bugs a bat 7 lichens a kobold zombie 9 newts 267 creatures vanquished. No species were genocided or became extinct. Voluntary challenges: You read items or engraved 9 times. You engraved Elbereth 3 times. You never genocided any monsters. You never polymorphed an object. You never changed form. You used no wishes. You did not violate any of the special Sokoban rules. Achievements: You entered a shop. You entered the Gnomish Mines. You attained the rank of Conjurer. You entered Sokoban. You attained the rank of Thaumaturge. You entered Minetown. You entered a temple. The Dungeons of Doom: levels 1 to 9 Level 1: Level 2: Some fountains. Level 3: Stairs down to The Gnomish Mines. Level 4: Level 5: "closed shop" A fountain, a sink. Level 6: Many fountains. Oracle of Delphi. Level 7: A fountain. Stairs up to Sokoban, level 6. Level 8: Some fountains, a sink, a grave. Level 9: The Gnomish Mines: levels 4 to 11 Level 4: Level 5: "stash" Level 6: A temple and an altar, some fountains. Level 7: Level 8: Level 9: Level 10: Level 11: <- You were here. A fountain. Final resting place for you, killed by a vampire lord. Sokoban: levels 6 up to 5 Level 5: Unsolved. Level 6: Solved. Game over: ---------- / \ / REST \ / IN \ / PEACE \ / \ | playerb | | 800 Au | | killed by a | | vampire lord | | | | | | 2024 | *| * * * | * _________)/\\_//(\/(/\)/\//\/|_)_______ Goodbye playerb the Wizard... You died in The Gnomish Mines on dungeon level 11 with 6082 points, and 800 pieces of gold, after 11062 moves. You were level 6 with a maximum of 40 hit points when you died.